AoeStats
← IdliDosa

Oasis

509125247Analyzed
4v4 RM · 6d ago on Sep 25, 2026· 36m 34s· 8 players
Game mode
Random Map
Map size
Large (8 player)
Population
200
Speed
Normal
Resources
Standard
Victory
Conquest
Starting age
Dark Age
Ending age
Imperial Age
RankedLock teamsTeams togetherTeam positionsShared explorationLock speedFull tech treeHidden civsTurbo modeCheats
Victory
Defeat
🇫🇷 Ethiopians · France
1290
+14
🇩🇪 Georgians · Germany
1228
+17
🇩🇪 Khitans · Germany
1226
+17
🇨🇦 Mongols · Canada
1205
+18
🇲🇽 Varangians · Mexico
1306
-19
🇺🇸 Vikings · United States
1240
-16
🇮🇳 Lithuanians · India
1229
-16
🇨🇳 Turks · China
1214
-15
Idle
8:17 Loom
10:27 Feudal Age
11:08 Horse Collar
11:41 Double-Bit Axe
14:38 Scale Barding Armor
16:10 Forging
17:55 Wheelbarrow
18:34 Bloodlines
24:11 Castle Age
23:04 Gold Mining
23:28 Town Watch
23:50 Stone Mining
25:35 Chain Barding Armor
25:51 Iron Casting
24:39 Light Cavalry
25:20 Husbandry
28:29 Bow Saw
28:26 Heavy Plow
29:43 Hand Cart
29:29 Town Patrol
33:45 Stone Shaft Mining
37:42 Imperial Age
35:07 Treadmill Crane
35:48 Ballistics
35:39 Masonry
35:31 Scale Mail Armor
35:21 Fletching
35:32 Padded Archer Armor
35:26 Guard Tower
Inf4me
4:59 Loom
9:38 Feudal Age
10:36 Double-Bit Axe
14:47 Fletching
21:18 Wheelbarrow
24:11 Castle Age
22:22 Gold Mining
22:50 Padded Archer Armor
22:38 Horse Collar
24:17 Crossbowman
25:12 Bodkin Arrow
29:17 Ballistics
34:27 Imperial Age
31:45 Town Watch
33:13 Leather Archer Armor
33:01 Heavy Plow
33:53 Bow Saw
34:31 Arbalester
35:12 Bracer
36:14 Chemistry
35:19 Stone Mining
36:02 Thumb Ring
ugurito
4:45 Loom
11:08 Feudal Age
15:40 Double-Bit Axe
19:13 Scale Barding Armor
24:36 Fletching
31:54 Castle Age
30:11 Forging
32:03 Scale Mail Armor
33:03 Chain Mail Armor
33:04 Squires
33:02 Gold Mining
33:24 Bow Saw
32:58 Domestication
34:29 Iron Casting
36:05 Wheelbarrow
36:12 Chain Barding Armor
[MAD1] killmeifyoucan
10:04 Feudal Age
12:16 Bloodlines
16:52 Wheelbarrow
17:53 Loom
23:20 Castle Age
21:36 Forging
21:32 Scale Barding Armor
21:22 Gold Mining
21:20 Double-Bit Axe
24:49 Iron Casting
24:19 Husbandry
30:32 Hand Cart
34:01 Chain Barding Armor
33:32 Fletching
CrashTag
6:51 Loom
9:33 Feudal Age
8:58 Loom
9:43 Man-at-Arms
13:01 Double-Bit Axe
22:03 Wheelbarrow
25:24 Castle Age
24:36 Bloodlines
24:34 Scale Barding Armor
24:39 Forging
26:20 Bow Saw
IdliDosa
8:59 Feudal Age
9:43 Double-Bit Axe
10:08 Horse Collar
11:01 Loom
15:41 Bloodlines
17:01 Forging
17:28 Scale Barding Armor
24:00 Castle Age
24:05 Light Cavalry
24:46 Husbandry
25:07 Chain Barding Armor
25:22 Iron Casting
25:38 Bow Saw
25:30 Heavy Plow
27:01 Wheelbarrow
27:10 Gold Mining
29:29 Hand Cart
vuongan255
10:52 Feudal Age
11:02 Loom
15:47 Castle Age
14:20 Double-Bit Axe
15:06 Fletching
19:01 Crossbowman
22:01 Bodkin Arrow
23:19 Padded Archer Armor
27:36 Gold Mining
28:00 Bow Saw
34:18 Leather Archer Armor
w2k8m1w2762
1:17 Loom
11:56 Feudal Age
18:33 Castle Age
17:33 Double-Bit Axe
17:33 Horse Collar
18:43 Scale Barding Armor
23:23 Forging
24:05 Wheelbarrow
Connection lost

Rejoining the realm…

Still unreachable

The connection could not be restored.

Session expired

The server has moved on; the page needs a fresh start.